 Dungeon Crawl Stone Soup version 0.24-a0-29-g43a6aff (console) character file.

Game seed: 1233043763043519140

278 Duffy the Chopper (level 6, 56/56 HPs)
             Began as a Naga Fighter on Feb 2, 2019.
             Quit the game in the Ecumenical Temple.
             The game lasted 00:02:40 (2072 turns).

Duffy the Chopper (Naga Fighter)                    Turns: 2072, Time: 00:02:41

Health: 56/56      AC:  5    Str: 19    XL:     6   Next: 26%
Magic:  6/6        EV:  5    Int:  8    God:
Gold:   36         SH:  9    Dex: 12    Spells: 5/5 levels left

rFire    . . .     SeeInvis +   a - +0 war axe
rCold    . . .     Gourm    .   c - +0 shield
rNeg     . . .     Faith    .   b - +0 scale mail
rPois    +         Spirit   .   (no helmet)
rElec    .         Reflect  .   (no cloak)
rCorr    .         Harm     .   (no gloves)
MR       .....                  (no barding)
Stlth    ..........             (no amulet)
HPRegen  0.18/turn              (no ring)
MPRegen  0.10/turn              (no ring)

@: very slow
A: large, see invisible, deformed body, poison resistance, slowness 2, slow
metabolism 1, spit poison 1, AC +2
a: Spit Poison


You were in the Ecumenical Temple.
You were not hungry.

You visited 2 branches of the dungeon, and saw 7 of its levels.

You collected 36 gold pieces.

Inventory:

Hand Weapons
 a - a +0 war axe (weapon)
Missiles
 n - 2 throwing nets (quivered)
Armour
 b - a +0 scale mail (worn)
 c - a +0 shield (worn)
Scrolls
 e - 2 scrolls of teleportation {unknown}
 h - a scroll of random uselessness {unknown}
 i - a scroll of remove curse {unknown}
 j - a scroll of amnesia {unknown}
 k - a scroll of enchant armour {unknown}
Potions
 d - a potion of might
 g - a potion of lignification {unknown}
 l - a potion of degeneration {unknown}
Comestibles
 f - 3 rations


   Skills:
 - Level 3.0 Fighting
 + Level 4.7 Axes
 - Level 2.4 Armour
 + Level 4.3 Shields


You had 5 spell levels left.
You didn't know any spells.
Your spell library contained the following spells:

 Spells                   Type           Power        Failure   Level  Hunger
 Magic Dart               Conj           #...         98%         1    ##.....
 Blink                    Tloc           N/A          99%         2    ###....
 Call Imp                 Summ           #.......     99%         2    ###....
 Slow                     Hex            #.......     99%         2    ###....
 Conjure Flame            Conj/Fire      #.......     100%        3    ####...
 Mephitic Cloud           Conj/Pois/Air  #.......     100%        3    ####...


Dungeon Overview and Level Annotations

Branches:
Dungeon (6/15)             Temple (1/1) D:6

Altars:
Ashenzari
Cheibriados
Elyvilon
Fedhas
Gozag
Okawaru
Ru
Sif Muna
Trog
Uskayaw
Vehumet
Wu Jian
Xom
Yredelemnul
The Shining One

Annotations:
D:3 1 transporter, Nr616's ghost, amateur MiBe
D:5 Menkaure


Innate Abilities, Weirdness & Mutations

You cannot wear boots.
Your serpentine skin is tough. (AC +2)
You have supernaturally acute eyesight. (SInv)
Armour fits poorly on your strangely shaped body.
Your system is resistant to poisons. (rPois)
You cover ground very slowly.
You have a slow metabolism.
You can spit poison.


Message History

You climb downwards.
You hear the hiss of flowing sand.
There is an entrance to an ossuary on this level.
Hurry and find it before the portal is buried!
Found a staircase to the Ecumenical Temple and a stone staircase leading up.
There is a stone staircase leading up here.
Found a chain mail.
There is a staircase to the Ecumenical Temple here.
You climb downwards.
Welcome to the Ecumenical Temple!
Found six altars.
There is a staircase back to the Dungeon here.
Found four altars.
Found a blossoming altar of Fedhas and a shimmering altar of Xom.
Found a radiant altar of Vehumet and a snail-covered altar of Cheibriados.
There is an opulent altar of Gozag here.
There is an ornate altar of the Wu Jian Council here.
There is a bloodstained altar of Trog here.
There is an iron altar of Okawaru here.
There is a shimmering altar of Xom here.
Done exploring.
Are you sure you want to abandon this character and quit the game? (Confirm with "yes".)

### ### ##~#######~##
####0.~##~##0.~####
##0~~...#...#...~0~##
#~0~.._.8...8._..~~~#
#0~......._.......0~#
##~.._..............~##
#~...............@...~##
0.._..............._..~#
#0...................~##
###8...............8###
##0..................##
#~.._......<......_..~#
##...................##
###8...............8###
#0...................~##


There were no monsters in sight!

Vanquished Creatures
  An orc priest (D:5)
  2 orc wizards
  2 iguanas (D:5)
  A hound zombie (D:5)
  3 gnolls
  3 adders
  A worm (D:5)
  2 leopard geckos
  10 orcs
  3 bats
  A giant cockroach (D:2)
  4 goblins
  5 jackals
  2 quokkas
  A frilled lizard (D:1)
  2 kobolds
  A leopard gecko skeleton (D:5)
  3 rats
47 creatures vanquished.

Vanquished Creatures (others)
  An orc wizard (D:5)
1 creature vanquished.

Grand Total: 48 creatures vanquished

Notes
Turn   | Place    | Note
-------+----------+-------------------------------------------
     0 | D:1      | Duffy the Naga Fighter began the quest for the Orb.
     0 | D:1      | Reached XP level 1. HP: 21/21 MP: 1/1
   223 | D:2      | Reached XP level 2. HP: 18/28 MP: 2/2
   240 | D:2      | Reached XP level 3. HP: 18/34 MP: 3/3
   594 | D:2      | Noticed a necrophage
   601 | D:3      | Reached XP level 4. HP: 38/42 MP: 4/4
   613 | D:3      | Noticed Nr616's ghost (amateur MiBe)
   619 | D:3      | Found a transporter.
   962 | D:5      | Entered Level 5 of the Dungeon
  1351 | D:5      | Reached XP level 5. HP: 47/49 MP: 5/5
  1660 | D:5      | Found a sacrificial altar of Ru.
  1725 | D:5      | Noticed Menkaure
  1755 | D:5      | Reached XP level 6. HP: 22/56 MP: 6/6
  1991 | D:6      | Found a staircase to the Ecumenical Temple.
  1995 | Temple   | Entered the Ecumenical Temple
  2072 | Temple   | Quit the game

Vault maps used:
D:1:      wander_arrival_peaceful_grave
D:2:      grunt_dithmenos_smoke, kennysheep_nondescript, minmay_misc_feat_tiny
D:3:      grunt_temple_overflow_order_and_chaos_2, gammafunk_ghost_stat_death
D:4:      minmay_spotlight, nemelex_xobeh_ov_fountains_minmay
D:5:      nicolae_ru_sacrificial_ziggurat, first_ration, serial_shops, shop,
          st_stairs_4, uniq_menkaure
D:6:      minmay_temple_entry_butterflies, enter_ossuary_2,
          kennysheep_generic_room_5, uniq_blork_the_orc
Temple:   eino_temple_lava

Skill      XL: |  1  2  3  4  5 |
---------------+----------------+-----
Shields        | 3 4 |  4.3
Axes           | 3 4 |  4.7
Fighting       | |  3.0
Armour         | |  2.4

Action                   |  1- 3 |  4- 6 || total
-------------------------+-------+-------++-------
Melee: War axe           |    62 |    77 ||   139
 Abil: Spit Poison       |     8 |    13 ||    21
  Eat: Chunk             |       |     3 ||     3
Armor: Scale mail        |    44 |    30 ||    74
Dodge: Dodged            |    17 |    20 ||    37
Block: Shield            |    43 |    57 ||   100

Table legend:
 A = Non-vault XP
 B = Vault XP
 C = Vault XP percentage of total XP
 D = Non-vault monster count
 E = Vault monster count
 F = Vault count percentage of total count
                 A         B        C        D         E       F
            +---------+---------+-------+---------+---------+-------
      Total |     398 |       0 |   0.0 |      48 |       0 |   0.0
            +---------+---------+-------+---------+---------+-------
        D:1 |       7 |       0 |   0.0 |       5 |       0 |   0.0
        D:2 |      44 |       0 |   0.0 |      13 |       0 |   0.0
        D:3 |      56 |       0 |   0.0 |       8 |       0 |   0.0
        D:4 |      59 |       0 |   0.0 |       9 |       0 |   0.0
        D:5 |     232 |       0 |   0.0 |      13 |       0 |   0.0
            +---------+---------+-------+---------+---------+-------
